 Dungeon Crawl Stone Soup version 0.28-a0-793-g31680bbd8b (webtiles) character file.

Game seed: 12956901073073560129

123 Strat the Slasher (level 4, -2/37 HPs)
             Began as a Palentonga Cinder Acolyte on Nov 3, 2021.
             Was a High Priest of Ignis.
             Slain by a centaur (3 damage)
             ... on level 4 of the Dungeon on Nov 4, 2021.
             The game lasted 00:07:28 (4654 turns).

Strat the Slasher (Palentonga Cinder Acolyte)       Turns: 4654, Time: 00:07:30

Health: -2/37      AC:  6    Str: 17    XL:     4   Next: 79%
Magic:  5/5        EV:  9    Int: 15    God:    Ignis [*****.]
Gold:   109        SH:  0    Dex:  6    Spells: 3/5 levels left

rFire   + . .      SeeInvis +   a - +1 long sword
rCold   . . .      Faith    .   (no shield)
rNeg    . . .      Spirit   .   l - +0 robe
rPois   .          Reflect  .   j - +2 hat
rElec   .          Harm     .   (no cloak)
rCorr   .          Rampage  .   (no gloves)
Will    .....                   (no barding)
Stlth   +.........              (no amulet)
HPRegen 0.12/turn               (no ring)
MPRegen 0.09/turn               (no ring)

@: no status effects
A: large, rugged brown scales 3, see invisible, deformed body, roll 1, armoured
tail
a: Rolling Charge, Renounce Religion, Sea of Fire, Foxfire Swarm, Rising Flame


You were on level 4 of the Dungeon.
You worshipped Ignis.
Ignis was extremely pleased with you.
You visited 1 branch of the dungeon, and saw 4 of its levels.

You collected 109 gold pieces.

Inventory:

Hand Weapons
 a - a +1 long sword (weapon)
 b - a +0 hunting sling
 n - a -1 falchion of flaming
Missiles
 f - 102 stones
 g - 2 curare-tipped darts
 m - 22 sling bullets
Armour
 e - a +2 scale mail of fire resistance
 h - a +0 kite shield
 j - a +2 hat (worn)
 l - a +0 robe (worn)
 o - a +0 ring mail
 s - a +0 troll leather armour
Jewellery
 d - an amulet of magic regeneration
Wands
 r - a wand of polymorph (7)
Potions
 c - a potion of cancellation
 k - a potion of magic
 p - a potion of haste {unknown}


   Skills:
 - Level 3.0 Fighting
 + Level 5.6 Long Blades
 - Level 1.0 Spellcasting
 - Level 2.4 Fire Magic


You had 3 spell levels left.
You knew the following spells:

 Your Spells              Type           Power      Damage    Failure   Level
a - Scorch                Fire           14%        2d5       14%         2

Your spell library contained the following spells:

 Spells                   Type           Power      Damage    Failure   Level
 Dazzling Flash           Conj/Hex       0%         N/A       58%         3
 Iskenderun's Mystic Bla  Conj/Tloc      0%         2d3       94%         4
 Starburst                Conj/Fire      2%         6d3       100%        6


Dungeon Overview and Level Annotations

Branches:
Dungeon (4/15)
 Temple: D:4-7

Altars:

Annotations:
D:3 Grinder


Innate Abilities, Weirdness & Mutations

You are completely covered in rugged brown scales. (AC +3, +7% HP)
You have supernaturally acute eyesight. (SInv)
Armour fits poorly on your strangely shaped body.
You can roll at nearby foes to attack.
You have a long armoured tail.


Message History

The centaur kicks you but does no damage.
The kobold hits you with a +0 dagger.
* * * LOW HITPOINT WARNING * * *
The adder completely misses you. The gnoll hits you with a +0 club.
* * * LOW HITPOINT WARNING * * *
The centaur hits you but does no damage.
The centaur barely misses you.
You feel better. The adder bites you.
* * * LOW HITPOINT WARNING * * *
The kobold hits you but does no damage. The gnoll hits you but does no damage.
The centaur hits you.
* * * LOW HITPOINT WARNING * * *
The centaur kicks you.
* * * LOW HITPOINT WARNING * * *
The adder bites you but does no damage.
You miss the adder.
The adder is heavily wounded.
The centaur hits you but does no damage.
The centaur kicks you but does no damage.
The kobold hits you but does no damage. The gnoll hits you but does no damage.
The adder bites you.
* * * LOW HITPOINT WARNING * * *
The centaur hits you but does no damage.
The centaur barely misses you.
You closely miss the adder.
The adder is heavily wounded.
The kobold hits you but does no damage. The adder bites you.
* * * LOW HITPOINT WARNING * * *
The centaur hits you.
* * * LOW HITPOINT WARNING * * *
The centaur misses you. The gnoll hits you but does no damage.
The kobold barely misses you. Flames leap up around you!
The centaur hits you but does no damage.
The centaur kicks you.
* * * LOW HITPOINT WARNING * * *
The adder closely misses you. The gnoll hits you with a +0 club.
* * * LOW HITPOINT WARNING * * *
The centaur hits you.
You die...

... §§§§○§☼ ... §§§§§
... §§§○§ ... §§§§ ...
#§§# ... #vv# ...
#####vS# ... #...#c@#
... #§§§vgK# ...
#§§§vog# #### #
#§§§§gg# #>.###
##§○○§.####....##
#○○§§.§..g.....#######
##§§§§○.oc..........g.
#§☼§####.............
##.# #........####.


You could see a centaur (ally target), 4 gnolls, an adder (ally target), an orc
and a kobold.

Vanquished Creatures
  Terence (D:3)
  A gnoll (D:4)
  3 adders
  2 worms (D:2)
  A dart slug (D:3)
  An orc (D:3)
  3 ball pythons
  3 endoplasms
  2 giant cockroaches
  7 goblins
  4 hobgoblins
  4 jackals (D:3)
  4 quokkas
  4 bats
  3 frilled lizards
  3 kobolds
  2 rats (D:3)
48 creatures vanquished.

Vanquished Creatures (others)
  A fungus (D:1)
  A plant (D:2)
2 creatures vanquished.

Grand Total: 50 creatures vanquished

Notes
Turn   | Place    | Note
-------+----------+-------------------------------------------
     0 | D:1      | Strat the Palentonga Cinder Acolyte began the quest for the
                  | Orb.
     0 | D:1      | Reached XP level 1. HP: 19/19 MP: 2/2
   301 | D:1      | Found a faded altar of an unknown god.
   859 | D:1      | Reached XP level 2. HP: 18/25 MP: 3/3
   949 | D:1      | Learned a level 2 spell: Scorch
  1643 | D:2      | Reached skill level 4 in Long Blades
  1822 | D:2      | Reached XP level 3. HP: 24/31 MP: 4/4
  2778 | D:3      | Reached XP level 4. HP: 32/37 MP: 0/5
  2833 | D:3      | Noticed Terence
  2901 | D:3      | Reached skill level 5 in Long Blades
  2909 | D:3      | Noticed Grinder
  2909 | D:3      | Noticed a phantom
  2910 | D:3      | Paralysed by Grinder for 5 turns
  3589 | D:3      | Killed Terence
  3858 | D:3      | Paralysed by Grinder for 3 turns
  4613 | D:4      | Noticed a centaur
  4654 | D:4      | HP: 1/37 [gnoll (3)]
  4654 | D:4      | Slain by a centaur

Illustrated notes

Levels and vault maps discovered:
D:1:      mrwooster_arrival_statue_3, layout_basic,
          shapermc_ecumenical_altar_mp_ritualfount, hex_tiny
D:2:      layout_basic, serial_bayou_pond_e
D:3:      layout_loops_ring, uniq_grinder, uniq_terence
D:4:      minmay_wonky_spiral, layout_cave_pods

Skill      XL: |  1  2  3  4 |
---------------+-------------+-----
Long Blades    | 4 5 |  5.6
Fighting       | |  3.0
Spellcasting   | |  1.0
Fire Magic     | |  2.4

Action                   |  1- 3 |  4- 6 || total
-------------------------+-------+-------++-------
Melee: Falchion          |    84 |       ||    84
       Tailslap          |     5 |     2 ||     7
       Long sword        |    25 |    54 ||    79
 Fire: Hunting sling     |    14 |       ||    14
 Cast: Scorch            |     3 |     6 ||     9
Invok: Sea of Fire       |       |     1 ||     1
       Foxfire Swarm     |       |     1 ||     1
  Use: Scroll            |       |     6 ||     6
       Potion            |       |     1 ||     1
Armor: Robe              |    50 |    29 ||    79
       Ring mail         |     1 |       ||     1
Dodge: Dodged            |    49 |    49 ||    98

Table legend: (Time is in decaauts)
 A = Elapsed time spent in this place.
 B = Non-inter-level travel time spent in this place.
 C = Inter-level travel time spent in this place.
 D = Time resting spent in this place.
 E = Time spent auto-exploring this place.
 F = Levels seen in this place.
 G = Mean time per level.
                   A        B        C        D        E       F      G
               +--------+--------+--------+--------+--------+-----+--------+
         Total |   4680 |   4466 |    214 |   1023 |   2567 |   4 | 1170.0 |
       Dungeon |   4680 |   4466 |    214 |   1023 |   2567 |   4 | 1170.0 |
               +--------+--------+--------+--------+--------+-----+--------+

Top non-repeatable levels by time:
     D:2: 1685 daAuts
     D:3: 1316 daAuts
     D:1: 1105 daAuts
     D:4: 572 daAuts
